 Dungeon Crawl Stone Soup version 0.28.0 (webtiles) character file.

Game seed: 10631929332458345977

1 GrayStillPlays the Insei (level 1, -4/15 HPs)
             Began as a Merfolk Transmuter on Feb 7, 2022.
             Killed from afar by a dart slug (5 damage)
             ... with a slug dart
             ... on level 1 of the Dungeon.
             The game lasted 00:01:02 (96 turns).

GrayStillPlays the Insei (Merfolk Transmuter)         Turns: 96, Time: 00:01:03

Health: -4/15      AC:  2    Str: 10    XL:     1   Next: 20%
Magic:  3/3        EV: 12    Int: 12    God:
Gold:   10         SH:  0    Dex: 14    Spells: 3/4 levels left

rFire   . . .      SeeInvis .   c - +0 mace {mace}
rCold   . . .      Faith    .   (no shield)
rNeg    . . .      Spirit   .   a - +0 robe
rPois   .          Reflect  .   (no helmet)
rElec   .          Harm     .   (no cloak)
rCorr   .          Rampage  .   (no gloves)
Will    .....                   (no boots)
Stlth   +.........              (no amulet)
HPRegen 0.05/turn               (no ring)
MPRegen 0.08/turn               (no ring)

@: no status effects
A: (nimble swimmer 2), mertail
a: no special abilities


You were on level 1 of the Dungeon.
You visited 1 branch of the dungeon, and saw 1 of its levels.

You collected 10 gold pieces.


Innate Abilities, Weirdness & Mutations

((You are very nimble when in or above water. (Stealth+, EV+, Speed+++)))
Your lower body shifts to a powerful aquatic tail in water.


   Skills:
 - Level 1.1 Fighting
 + Level 2.7 Dodging
 - Level 3.2 Unarmed Combat
 - Level 2.0 Spellcasting
 * Level 2.8 Transmutations


You had 3 spell levels left.
You knew the following spells:

 Your Spells              Type           Power      Damage    Failure   Level
a - Beastly Appendage     Tmut           16%        N/A       9%          1

Your spell library contained the following spells:

 Spells                   Type           Power      Damage    Failure   Level
 Wereblood                Tmut           8%         N/A       13%         2
 Spider Form              Tmut/Pois      4%         N/A       41%         3
 Ice Form                 Ice/Tmut       4%         N/A       83%         4

Inventory:

Hand Weapons
 c - a +0 mace (weapon) {mace}
   (You found it on level 1 of the Dungeon)
Armour
 a - a +0 robe (worn)
Scrolls
 b - a scroll of fear {unknown}

Dungeon Overview and Level Annotations

Branches:
Dungeon (1/15)

Altars:

#........##...#.......#
.#.$...#.....##..#.....##
.......#....##..#.#.....##
.....$.........#...#......
##........#####.....#####.
....[......#...........#..
.......#....#....<....#...
.>.........w#.........#...
.......##.@#...........#..
.....#.##.#####)....#####.
.... #..#...†..#...#......
... ##....###..#.#..###..
.. ####.......#..## # #
####.##....... #.......###
#########


You could see a dart slug.


Message History

🤖 Initializing magus.rc ...
Options error: Delay interrupt name "hungry" not recognised. (~/.crawlrc:4770) Options error: Bad monster_list_colour key: strict_neutral (~/.crawlrc:4785) ✅ Successfully initialized magus.rc [v1.9.6] Welcome, GrayStillPlays the Merfolk Transmuter.
Below lies the Orb of Zot, rumoured to be powerful enough to resurrect a god...
Press ? for a list of commands and other information.
Found a mace, 10 gold pieces and a scroll labelled QIUGYSKIFF.
Found a staircase leading out of the dungeon.
b - a scroll labelled QIUGYSKIFF You now have 10 gold pieces.
A kobold comes into view. It is wielding a +0 short sword.
You see here a +0 mace {mace}.
c - a +0 mace {mace}
c - a +0 mace (weapon)
{mace} The kobold shouts!
Found a stone staircase leading down.
A rat comes into view.
You grow a pair of large bovine horns.
The kobold throws a stone.
The stone completely misses you.
A dart slug comes into view. 😎 MP[-1]
You lost 1 mp, and now have 2/3 mp.
The kobold closely misses you.
You hit the kobold.
The kobold hits you with a +0 short sword. 😮 HP[-4]
You take 4 damage, and now have 11/15 hp.
MASSIVE DAMAGE!! (PAUSE)
You closely miss the kobold. The rat misses you.
The kobold hits you with a +0 short sword.
The rat closely misses you.
The kobold hits you with a +0 short sword. 😮 HP[-2]
You take 2 damage, and now have 9/15 hp.
You closely miss the kobold. You punch the kobold, but do no damage.
Your transformation is almost over.
The rat barely misses you. The kobold hits you but does no damage.
You barely miss the kobold. The rat misses you.
The kobold hits you with a +0 short sword.
* * * LOW HITPOINT WARNING * * *
The rat closely misses you.
The kobold hits you with a +0 short sword.
* * * LOW HITPOINT WARNING * * *
😨 HP[-5]
You take 5 damage, and now have 4/15 hp.
MASSIVE DAMAGE!! (PAUSE) 😨 MP[+1]
Your mp is fully restored (3).
Your horns disappear.
You hit the rat.
You kill the rat!
The kobold throws a stone.
The stone hits you but does no damage.
The kobold throws a stone.
The stone hits you.
* * * LOW HITPOINT WARNING * * *
😱 HP[-1]
You take 1 damage, and now have 3/15 hp.
The kobold throws a stone.
The stone hits you.
* * * LOW HITPOINT WARNING * * *
😱 HP[-1]
You take 1 damage, and now have 2/15 hp. 😱 HP[+1]
You hit the kobold.
You kill the kobold!
The dart slug briefly extends its eye-stalks.
You see here a rat corpse.
Things that are here:
a +0 short sword {short}; 4 stones {throwing}; a kobold corpse You see here a rat corpse. 😨 HP[+1]
You see here a rat corpse.
Things that are here:
a +0 short sword {short}; 4 stones {throwing}; a kobold corpse
Things that are here:
a +0 short sword {short}; 4 stones {throwing}; a kobold corpse You see here a rat corpse.
The dart slug launches a dart at you. The slug dart hits you.
* * * LOW HITPOINT WARNING * * *
😱 HP[-3]
You take 3 damage, and now have 1/15 hp.
The dart slug launches a dart at you. The slug dart hits you.
You die...

Action                   || total
-------------------------++-------
Melee: Mace              ||     6
       Punch             ||     1
 Cast: Beastly Appendage ||     1
Armor: Robe              ||     2
Dodge: Dodged            ||     7

Levels and vault maps discovered:
D:1:      scummos_arrival_star, layout_rooms, serial_shops,
          nicolae_shop_crystal, shop, shop, shop

Notes
Turn   | Place    | Note
-------+----------+-------------------------------------------
     0 | D:1      | GrayStillPlays the Merfolk Transmuter began the quest for
                  | the Orb.
     0 | D:1      | Reached XP level 1. HP: 15/15 MP: 3/3
     0 | D:1      | magus.rc [v1.9.6]
    56 | D:1      | HP: 3/15 [kobold/stone (1)]
    95 | D:1      | HP: 1/15 [dart slug/slug dart (3)]
    96 | D:1      | Killed from afar by a dart slug

Vanquished Creatures
  A kobold (D:1)
  A rat (D:1)
2 creatures vanquished.

Table legend:
 A = Non-vault XP
 B = Vault XP
 C = Vault XP percentage of total XP
 D = Non-vault monster count
 E = Vault monster count
 F = Vault count percentage of total count
                 A         B        C        D         E       F
            +---------+---------+-------+---------+---------+-------
      Total |       2 |       0 |   0.0 |       2 |       0 |   0.0
            +---------+---------+-------+---------+---------+-------
        D:1 |       2 |       0 |   0.0 |       2 |       0 |   0.0
            +---------+---------+-------+---------+---------+-------

Illustrated notes

Table legend:
 A = Kills in this place as a percentage of kills in entire the game.
 B = Kills by you in this place as a percentage of kills by you in the entire game.
 C = Kills by friends in this place as a percentage of kills by friends in the entire game.
 D = Other kills in this place as a percentage of other kills in the entire game.
 E = Experience gained in this place as a percentage of experience gained in the entire game.
 F = Experience gained in this place divided by the number of levels of this place that you have seen.
                   A       B       C       D       E      F
               +-------+-------+-------+-------+-------+----------------------
         Total | 100.0 | 100.0 |   N/A |   N/A | 100.0 |   2.0
       Dungeon | 100.0 | 100.0 |   N/A |   N/A | 100.0 |   2.0
               +-------+-------+-------+-------+-------+----------------------

Table legend: (Time is in decaauts)
 A = Elapsed time spent in this place.
 B = Non-inter-level travel time spent in this place.
 C = Inter-level travel time spent in this place.
 D = Time resting spent in this place.
 E = Time spent auto-exploring this place.
 F = Levels seen in this place.
 G = Mean time per level.
                   A        B        C        D        E       F      G
               +--------+--------+--------+--------+--------+-----+--------+
         Total |     97 |     97 |      0 |      0 |     15 |   1 |   97.0 |
       Dungeon |     97 |     97 |      0 |      0 |     15 |   1 |   97.0 |
               +--------+--------+--------+--------+--------+-----+--------+

Top non-repeatable levels by time:
     D:1: 97 daAuts
